 Dungeon Crawl Stone Soup version 0.28-a0-1524-ge72afd5fc6 (webtiles) character file.

Game seed: 12304215458591347283

91 fragbeetle the Insei (level 4, 0/36 HPs)
             Began as a Draconian Transmuter on Jan 17, 2022.
             Succumbed to a goblin's poison
             ... on level 3 of the Dungeon.
             The game lasted 00:03:16 (2741 turns).

fragbeetle the Insei (Draconian Transmuter)         Turns: 2741, Time: 00:03:16

Health: 0/36       AC:  5    Str: 12    XL:     4   Next: 33%
Magic:  7/7        EV: 12    Int: 13    God:
Gold:   79         SH:  0    Dex: 14    Spells: 3/7 levels left

rFire   . . .      SeeInvis .     - Unarmed
rCold   . . .      Faith    .   (no shield)
rNeg    . . .      Spirit   .   (armour unavailable)
rPois   .          Reflect  .   (helmet currently unavailable)
rElec   .          Harm     .   (no cloak)
rCorr   .          Rampage  .   (no gloves)
Will    .....                   (boots currently unavailable)
Stlth   +.........              (no amulet)
HPRegen 0.12/turn               (no ring)
MPRegen 0.10/turn               (no ring)

@: lethally poisoned (0 -> -16), appendages (expiring)
A: horns 2, talons 2, AC +5, unfitting armour, cold-blooded
a: End Transformation


You were on level 3 of the Dungeon.
You had temporarily grown beastly horns and talons.
You visited 1 branch of the dungeon, and saw 3 of its levels.

You collected 79 gold pieces.

Inventory:

Hand Weapons
 j - a +0 hunting sling
Missiles
 i - 96 stones
Magical Staves
 l - a staff of air
Jewellery
 b - an amulet of the acrobat
 h - an amulet of faith
 p - a ring of ice
Scrolls
 a - a scroll of identify {unknown}
 e - a scroll of magic mapping {unknown}
 f - a scroll of fog {unknown}
 g - a scroll of silence {unknown}
 m - a scroll of blinking {unknown}
 n - a scroll of enchant armour {unknown}
Potions
 c - 2 potions of haste {unknown}
 d - a potion of heal wounds {unknown}
 k - 2 potions of curing {unknown}
 o - 3 potions of might {unknown}


   Skills:
 + Level 2.0 Fighting
 + Level 2.2 Dodging
 * Level 3.7 Unarmed Combat
 - Level 2.0 Spellcasting
 * Level 3.0 Transmutations
 * Level 1.1 Poison Magic


You had 3 spell levels left.
You knew the following spells:

 Your Spells              Type           Power      Damage    Failure   Level
a - Beastly Appendage     Tmut           18%        N/A       8%          1
b - Spider Form           Tmut/Pois      6%         N/A       32%         3

Your spell library contained the following spells:

 Spells                   Type           Power      Damage    Failure   Level
 Wereblood                Tmut           9%         N/A       11%         2
 Ice Form                 Ice/Tmut       5%         N/A       80%         4


Dungeon Overview and Level Annotations

Branches:
Dungeon (3/15)

Altars:
Okawaru

Annotations:
D:3 Robin


Innate Abilities, Weirdness & Mutations

You have temporarily grown beastly horns and talons.
Your plain brown scales are hard. (AC +5)
You cannot fit into any form of body armour.
You are cold-blooded and may be slowed by cold attacks.


Message History

You kill the goblin!
Robin throws the goblin at you! The goblin hits you but does no damage.
You are poisoned.
The goblin barely misses you.
You hit the goblin but do no damage. You claw the goblin.
You kill the goblin!
You feel sick.
The goblin hits you with a +2 dagger of venom.
You feel sick. Robin throws the goblin at you!
Things that are here:
a +0 dagger; a +0 dagger; a goblin corpse You barely miss the goblin.
You tail-slap the goblin.
The goblin is moderately wounded.
You feel sick.
A goblin comes into view. It is wielding a +0 club.
The goblin hits you with a +3 dagger.
The goblin shouts!
You hit the goblin. Your kick misses the goblin.
The goblin is severely wounded.
Your transformation is almost over.
You feel sick.
The goblin hits you with a +2 dagger of venom.
You are more poisoned.
The goblin hits you but does no damage.
You barely miss the goblin.
The goblin is severely wounded.
You feel very sick.
The goblin hits you with a +2 dagger of venom.
You are lethally poisoned!
You hit the goblin but do no damage. You claw the goblin.
You kill the goblin!
You feel very sick. The goblin closely misses you.
Robin throws the goblin at you!
* * * LOW HITPOINT WARNING * * *
You hit the goblin.
You kill the goblin!
* * * LOW HITPOINT WARNING * * *
You feel very sick. The goblin barely misses you.
You die...

#.#.######## .#
..#....######..##
######.##........
#...)....... #..#.###.#.#
#####.....##.#.
..(..........#.
##.#.....####.##
####....#..### #@#######
..........#...###)gggg.#
###..†..##.###.#.#####....
#.###.##.# #.## #
##.###.##.# #.#
#.......#.####.#
.....#..........#
#...#.#..[.######
#..#._.#...########


You could see Robin and 3 goblins.

Vanquished Creatures
  3 adders
  3 worms
  3 dart slugs
  An orc (D:3)
  5 ball pythons
  2 endoplasms (D:2)
  2 giant cockroaches (D:1)
  2 hobgoblins
  4 jackals (D:2)
  3 quokkas
  4 bats
  2 frilled lizards
  6 goblins
  2 kobolds (D:2)
  5 rats
47 creatures vanquished.

Notes
Turn   | Place    | Note
-------+----------+-------------------------------------------
     0 | D:1      | fragbeetle the Draconian Transmuter began the quest for the
                  | Orb.
     0 | D:1      | Reached XP level 1. HP: 16/16 MP: 3/3
   133 | D:1      | Reached XP level 2. HP: 23/23 MP: 3/5
  1006 | D:2      | Reached XP level 3. HP: 22/28 MP: 3/6
  1010 | D:2      | Learned a level 3 spell: Spider Form
  1925 | D:2      | Reached XP level 4. HP: 36/36 MP: 5/7
  2677 | D:3      | Reached skill level 1 in Poison Magic
  2708 | D:3      | Found an iron altar of Okawaru.
  2730 | D:3      | Noticed Robin
  2741 | D:3      | Succumbed to a goblin's poison

Illustrated notes

Levels and vault maps discovered:
D:1:      nzn_arrival_water_spiral, layout_basic
D:2:      layout_basic, st_stairs_12
D:3:      layout_loops_ring, mainiacjoe_overflow_paths, okawaru_metal_pillars_3,
          kennysheep_boxes, uniq_robin

Skill      XL: |  1  2  3  4 |
---------------+-------------+-----
Dodging        | 2 |  2.2
Transmutations | 3 |  3.0
Poison Magic   | 1 |  1.1
Fighting       | 2 |  2.0
Unarmed Combat | |  3.7
Spellcasting   | |  2.0

Action                   |  1- 3 |  4- 6 || total
-------------------------+-------+-------++-------
Melee: Unarmed           |    94 |    22 ||   116
       Kick              |    23 |     6 ||    29
       Headbutt          |     9 |     3 ||    12
       Tailslap          |     7 |     2 ||     9
       Punch             |     3 |       ||     3
 Cast: Beastly Appendage |    28 |     6 ||    34
Armor: Skin              |    19 |     4 ||    23
Dodge: Dodged            |    56 |     8 ||    64

Table legend: (Time is in decaauts)
 A = Elapsed time spent in this place.
 B = Non-inter-level travel time spent in this place.
 C = Inter-level travel time spent in this place.
 D = Time resting spent in this place.
 E = Time spent auto-exploring this place.
 F = Levels seen in this place.
 G = Mean time per level.
                   A        B        C        D        E       F      G
               +--------+--------+--------+--------+--------+-----+--------+
         Total |   2737 |   2701 |     36 |      0 |   2329 |   3 |  912.3 |
       Dungeon |   2737 |   2701 |     36 |      0 |   2329 |   3 |  912.3 |
               +--------+--------+--------+--------+--------+-----+--------+

Top non-repeatable levels by time:
     D:2: 1497 daAuts
     D:1: 872 daAuts
     D:3: 368 daAuts
